 Dungeon Crawl Stone Soup version 0.29-a0-418-gc0181ea820 (webtiles) character file.

Game seed: 17119738889161277507

239 Hubjo the Firebug (level 5, 0/31 HPs)
             Began as a Deep Elf Fire Elementalist on May 17, 2022.
             Slain by a fire bat (1 damage)
             ... on level 3 of the Dungeon.
             The game lasted 00:04:40 (6236 turns).

Hubjo the Firebug (Deep Elf Fire Elementalist)      Turns: 6236, Time: 00:04:42

Health: 0/31       AC:  4    Str:  5    XL:     5   Next: 79%
Magic:  9/13       EV: 12    Int: 28    God:
Gold:   196        SH:  0    Dex: 15    Spells: 11/12 levels left

rFire   . . .      SeeInvis .   y - +3 short sword (elec)
rCold   . . .      Faith    +   (no shield)
rNeg    . . .      Spirit   .   a - +0 robe
rPois   .          Reflect  .   A - +1 helmet
rElec   .          Harm     .   (no cloak)
rCorr   .          Rampage  .   (no gloves)
Will    .....                   (no boots)
Stlth   +++.......              j - amulet of faith
HPRegen 0.10/turn               p - +6 ring of intelligence
MPRegen 0.13/turn               (no ring)

@: no status effects
A: no striking features
a: no special abilities


You were on level 3 of the Dungeon.
You visited 1 branch of the dungeon, and saw 3 of its levels.

You collected 196 gold pieces.

Inventory:

Hand Weapons
 u - a +2 whip of freezing
 y - a +3 short sword of electrocution (weapon)
Armour
 a - a +0 robe (worn)
 A - a +1 helmet (worn)
Jewellery
 j - an amulet of faith (around neck)
 p - a +6 ring of intelligence (left hand)
Scrolls
 c - 2 scrolls of fog {unknown}
 d - a scroll of amnesia {unknown}
 k - 2 scrolls of blinking {unknown}
 o - 2 scrolls of teleportation {unknown}
 q - a scroll of summoning {unknown}
 r - a scroll of poison {unknown}
 t - 2 scrolls of identify {unknown}
 v - a scroll of immolation {unknown}
 x - a scroll of brand weapon {unknown}
Potions
 b - 2 potions of magic
 e - a potion of ambrosia {unknown}
 f - 3 potions of curing {unknown}
 g - a potion of degeneration {unknown}
 h - a potion of cancellation {unknown}
 i - a potion of flight {unknown}
 l - 2 potions of heal wounds {unknown}
 n - a potion of lignification {unknown}
 s - a potion of attraction {unknown}
 w - a potion of resistance {unknown}
 z - a potion of brilliance {unknown}
 B - a potion of mutation {unknown}


   Skills:
 + Level 2.5 Fighting
 - Level 2.4 Dodging
 + Level 4.2 Stealth
 + Level 4.4 Spellcasting
 - Level 1.1 Conjurations
 * Level 4.6 Fire Magic


You had 11 spell levels left.
You knew the following spells:

 Your Spells              Type           Power      Damage    Failure   Level
a - Foxfire               Conj/Fire      88%        2x1d8     2%          1

Your spell library contained the following spells:

 Spells                   Type           Power      Damage    Failure   Level
 Scorch                   Fire           64%        2d8       1%          2
 Conjure Flame            Conj/Fire      22%        6-21      7%          3
 Inner Flame              Hex/Fire       19%        N/A       9%          3
 Flame Wave               Conj/Fire      22%        2d7       22%         4


Dungeon Overview and Level Annotations

Branches:
Dungeon (3/15)

Altars:
Cheibriados

Shops:
D:2 *

Annotations:
D:2 1 runed translucent door, Crazy Yiuf


Message History

The skeletal bat misses you. The skeletal bat closely misses you.
This spell is extremely dangerous to cast!
Memorise Flame Wave, consuming 4 spell levels and leaving 7?
The vampire bat barely misses you. The skeletal bat barely misses you. x3
The skeletal bat hits you but does no damage.
Your memorisation is interrupted.
The vampire bat misses you. The fire bat bites you.
You are engulfed in flames.
The vampire bat bites you but does no damage.
The skeletal bat hits you but does no damage.
The skeletal bat closely misses you.
The fire bat bites you but does no damage.
Unknown command.
Casting: Foxfire (safe; 2% risk of failure)
Confirm with . or Enter, or press ? or * to list all spells.
You don't know that spell.
Okay, then.
There is not enough space to conjure foxfire!
You hit the skeletal bat.
The skeletal bat is almost destroyed.
The fire bat bites you.
You are engulfed in flames.
The fire bat bites you.
You are engulfed in flames.
The skeletal bat hits you but does no damage.
The skeletal bat completely misses you. The vampire bat barely misses you.
The skeletal bat hits you. The skeletal bat barely misses you.
The vampire bat bites you but does no damage.
The fire bat barely misses you. The skeletal bat closely misses you.
The skeletal bat hits you.
You puncture the skeletal bat!
You destroy the skeletal bat!
The fire bat bites you.
* * * LOW HITPOINT WARNING * * *
You are engulfed in flames.
* * * LOW HITPOINT WARNING * * *
The vampire bat bites you.
* * * LOW HITPOINT WARNING * * *
The vampire bat draws strength from your injuries!
The skeletal bat barely misses you. The fire bat bites you.
* * * LOW HITPOINT WARNING * * *
You are engulfed in flames.
You die...

####...# ##
#†..#§####...#####
.......###.
##.#.##†##...####
####..## ...
####.#.##§)....# ####
... ###..###.#.##.# ####
#.# ###...÷##..#.##.#
#..#
#.##§§###...##..##.#
#.## #b.§## ######.###.#
#.# ##.### #.#.###.# #.#
#b@Z# #.......#
###.##### ##b.Z.#
#...#####
........#########....#
#####
###.###.........##..#..#
# #.# #.#####....#### ##
# #.###.#.........# #
#.......###.#.###
#######.#####.#.#
..............#.#


You could see 2 fire bats, a vampire bat and 2 skeletal bats.

Vanquished Creatures
  A gnoll shaman (D:3)
  Robin (D:3)
  4 gnolls
  A worm (D:3)
  3 dart slugs (D:3)
  2 orcs
  A spectral bat (D:3)
  4 ball pythons
  A bat skeleton (D:3)
  4 endoplasms
  3 giant cockroaches
  12 goblins
  10 hobgoblins
  8 jackals
  2 kobolds
  3 quokkas
  11 bats
  6 frilled lizards
  10 rats
87 creatures vanquished.

Vanquished Creatures (collateral kills)
  3 foxfires (D:1)
3 creatures vanquished.

Vanquished Creatures (others)
  585 foxfires
585 creatures vanquished.

Grand Total: 675 creatures vanquished

Notes
Turn   | Place    | Note
-------+----------+-------------------------------------------
     0 | D:1      | Hubjo the Deep Elf Fire Elementalist began the quest for
                  | the Orb.
     0 | D:1      | Reached XP level 1. HP: 10/10 MP: 6/6
   547 | D:1      | Reached XP level 2. HP: 16/16 MP: 1/8
   655 | D:1      | Reached skill level 1 in Fighting
   982 | D:1      | Reached XP level 3. HP: 20/20 MP: 0/9
  2694 | D:2      | Found Opnieco's Assorted Antiques.
  2856 | D:2      | Found a runed translucent door.
  2865 | D:2      | Noticed Crazy Yiuf
  4361 | D:3      | Found a faded altar of an unknown god.
  4476 | D:3      | Reached XP level 4. HP: 26/26 MP: 8/11
  5154 | D:3      | Noticed Robin
  5205 | D:3      | Killed Robin
  5428 | D:3      | Found a snail-covered altar of Cheibriados.
  5747 | D:3      | Reached XP level 5. HP: 30/30 MP: 3/13
  6236 | D:3      | HP: 1/31 [fire bat (4)]
  6236 | D:3      | Slain by a fire bat

Illustrated notes

Levels and vault maps discovered:
D:1:      lemuel_arrival_muddy, layout_basic
D:2:      layout_loops_corners, serial_shops, nicolae_shop_waterfront,
          uniq_crazy_yiuf_cottage
D:3:      layout_loops_corners, chei_slow_surprise,
          hellmonk_ecumenical_altar_dog_temple, goddamned_bats, uniq_robin

Skill      XL: |  1  2  3  4  5 |
---------------+----------------+-----
Fighting       | 1 2 |  2.5
Stealth        | 3 4 |  4.2
Spellcasting   | 4 |  4.4
Fire Magic     | 4 |  4.6
Dodging        | |  2.4
Conjurations   | |  1.1

Action                   |  1- 3 |  4- 6 || total
-------------------------+-------+-------++-------
Melee: Unarmed           |     1 |       ||     1
       Short sword       |       |     3 ||     3
 Cast: Foxfire           |   252 |   124 ||   376
  Use: Scroll            |       |     1 ||     1
Armor: Robe              |     7 |    18 ||    25
Dodge: Dodged            |    18 |    36 ||    54

Table legend: (Time is in decaauts)
 A = Elapsed time spent in this place.
 B = Non-inter-level travel time spent in this place.
 C = Inter-level travel time spent in this place.
 D = Time resting spent in this place.
 E = Time spent auto-exploring this place.
 F = Levels seen in this place.
 G = Mean time per level.
                   A        B        C        D        E       F      G
               +--------+--------+--------+--------+--------+-----+--------+
         Total |   6237 |   6124 |    113 |      0 |   5382 |   3 | 2079.0 |
       Dungeon |   6237 |   6124 |    113 |      0 |   5382 |   3 | 2079.0 |
               +--------+--------+--------+--------+--------+-----+--------+

Top non-repeatable levels by time:
     D:3: 2422 daAuts
     D:2: 2082 daAuts
     D:1: 1733 daAuts
